 Dungeon Crawl Stone Soup version 0.26.0-16-gc1dbca0489 (webtiles) character file.

Game seed: 17520811253346778004

227061 trckry the Bludgeoner (level 18, -7/163 HPs)
             Began as a Minotaur Fighter on Jan 19, 2021.
             Mangled by a manticore (49 damage)
             ... on level 3 of the Shoals.
             The game lasted 01:43:30 (42717 turns).

trckry the Bludgeoner (Minotaur Fighter)           Turns: 42717, Time: 01:43:30

Health: -7/163     AC: 26    Str: 34    XL:     18   Next: 66%
Magic:  0/18       EV: 18    Int:  9    God:
Gold:   3956       SH:  0    Dex: 17    Spells: 17/17 levels left

rFire    . . .     SeeInvis .   a - +2 morningstar (elec)
rCold    . . .     Faith    .   c - +0 kite shield
rNeg     . . .     Spirit   +   j - +0 plate armour
rPois    +         Reflect  .   V - +1 hat
rElec    +         Harm     .   G - +0 cloak "Veog" {rElec rCorr Dex+6}
rCorr    +         Rampage  .   I - +1 pair of gloves
Will     +....                  v - +0 pair of boots
Stlth    ..........             u - amulet of guardian spirit
HPRegen  0.37/turn              T - ring of Irrepressible Laughter {+Fly Str+6 Slay+5 Stlth-}
MPRegen  0.16/turn              w - ring of Autotheism {rElec rPois Int+4}

@: sleeping, afraid, slowed
A: retaliatory headbutt, horns 2, thin metallic scales 1, blurry vision 1
}: 1/15 runes: gossamer
a: Evoke Flight


You were on level 3 of the Shoals.
You visited 6 branches of the dungeon, and saw 31 of its levels.
You also visited: Ossuary, Bailey and Ice Cave.

You collected 4404 gold pieces.
You spent 448 gold pieces at shops.

Inventory:

Hand Weapons
 a - a +2 morningstar of electrocution (weapon)
Missiles
 b - 7 silver boomerangs (quivered)
 M - 7 throwing nets
 Q - 4 silver javelins
Armour
 c - a +0 kite shield (worn)
 j - a +0 plate armour (worn)
 v - a +0 pair of boots (worn)
 G - the +0 cloak "Veog" (worn) {rElec rCorr Dex+6}
   (You found it on level 6 of the Dungeon)

   It affects your dexterity (+6).
   It insulates you from electricity.
   It provides partial protection from all sources of acid and corrosion.
 I - a +1 pair of gloves (worn)
 V - a +1 hat (worn)
Jewellery
 h - the ring of Qieqoupa {rC+ rN++ Will- Int+4}
   (You found it on level 2 of the Spider Nest)

   [ring of protection from cold]

   It affects your intelligence (+4).
   It protects you from cold.
   It greatly protects you from negative energy.
   It affects your willpower, your defense against some magical effects.
 s - an uncursed ring of positive energy
 u - an amulet of guardian spirit (around neck)
 w - the ring of Autotheism (right hand) {rElec rPois Int+4}
   (You acquired it on level 2 of the Lair of Beasts)

   [ring of poison resistance]

   It affects your intelligence (+4).
   It insulates you from electricity.
   It protects you from poison.
 z - a +4 ring of slaying
 J - an uncursed ring of fire
 K - an uncursed ring of protection from fire
 T - the ring of Irrepressible Laughter (left hand) {+Fly Str+6 Slay+5 Stlth-}
   (You found it on level 6 of the Lair of Beasts)

   [ring of strength]

   It affects your strength (+6).
   It affects your accuracy and damage with ranged weapons and melee attacks
   (+5).
   It lets you fly.
   It makes you less stealthy.
Wands
 y - a wand of iceblast (31)
 B - a wand of disintegration (11)
 F - a wand of digging (18)
 H - a wand of flame (102)
 N - a wand of paralysis (10)
 W - a wand of enslavement (11)
 Z - a wand of acid (17)
Scrolls
 f - 38 scrolls of identify
 g - 4 scrolls of magic mapping
 k - 5 scrolls of immolation
 l - 8 scrolls of fog
 m - 5 scrolls of fear
 n - 9 scrolls of teleportation
 o - 3 scrolls of enchant armour
 q - 3 scrolls of amnesia
 t - 17 scrolls of remove curse
 A - a scroll of holy word
 E - 6 scrolls of blinking
 S - a scroll of enchant weapon
Potions
 d - 6 potions of might
 e - 2 potions of resistance
 i - a potion of invisibility
 p - 5 potions of cancellation
 r - 3 potions of flight
 x - 12 potions of curing
 C - 9 potions of lignification
 D - 2 potions of haste
 O - 3 potions of heal wounds
 P - 4 potions of mutation
 R - a potion of magic
 X - 13 potions of ambrosia
Miscellaneous
 L - a tin of tremorstones (1/2)
 U - a phantom mirror
 Y - a lightning rod (4/4)


   Skills:
 + Level 15.4 Fighting
 - Level 16.0 Maces & Flails
 + Level 12.8 Throwing
 + Level 15.3 Armour
 + Level 13.8 Dodging
 + Level 15.3 Shields
 - Level 2.0 Invocations
 + Level 11.9 Evocations


You had 17 spell levels left.
You didn't know any spells.
Your spell library contained the following spells:

 Spells                   Type           Power        Failure   Level
 Beastly Appendage        Tmut           0%           87%         1
 Corona                   Hex            0%           87%         1
 Sandblast                Erth           0%           87%         1
 Shock                    Conj/Air       0%           87%         1
 Sting                    Tmut/Pois      0%           87%         1
 Summon Small Mammal      Summ           0%           87%         1
 Call Imp                 Summ           0%           95%         2
 Ensorcelled Hibernation  Hex/Ice        0%           95%         2
 Passwall                 Tmut/Erth      0%           95%         2
 Poisonous Vapours        Pois/Air       0%           95%         2
 Sublimation of Blood     Necr           0%           95%         2
 Swiftness                Air            0%           95%         2
 Wereblood                Tmut           0%           95%         2
 Call Canine Familiar     Summ           0%           99%         3
 Confusing Touch          Hex            0%           99%         3
 Conjure Flame            Conj/Fire      0%           99%         3
 Dazzling Flash           Conj/Hex       0%           99%         3
 Gell's Gravitas          Tloc           0%           99%         3
 Ignite Poison            Fire/Tmut/Pois 0%           99%         3
 Mephitic Cloud           Conj/Pois/Air  0%           99%         3
 Spider Form              Tmut/Pois      0%           99%         3
 Static Discharge         Conj/Air       0%           99%         3
 Stone Arrow              Conj/Erth      0%           99%         3
 Summon Guardian Golem    Hex/Summ       0%           99%         3
 Tukima's Dance           Hex            0%           99%         3
 Airstrike                Air            0%           100%        4
 Ice Form                 Ice/Tmut       0%           100%        4
 Petrify                  Tmut/Erth      0%           100%        4
 Summon Ice Beast         Ice/Summ       0%           100%        4
 Summon Lightning Spire   Summ/Air       0%           100%        4
 Alistair's Intoxication  Tmut/Pois      0%           100%        5
 Blade Hands              Tmut           0%           100%        5
 Bolt of Magma            Conj/Fire/Erth 0%           100%        5
 Fireball                 Conj/Fire      0%           100%        5
 Irradiate                Conj/Tmut      0%           100%        5
 Iskenderun's Battlesphe  Conj           0%           100%        5
 Lee's Rapid Deconstruct  Erth           0%           100%        5
 Lightning Bolt           Conj/Air       0%           100%        5
 Metabolic Englaciation   Hex/Ice        0%           100%        5
 Yara's Violent Unravell  Hex/Tmut       0%           100%        5
 Eringya's Noxious Bog    Tmut/Pois      0%           100%        6
 Freezing Cloud           Conj/Ice/Air   0%           100%        6
 Iron Shot                Conj/Erth      0%           100%        6
 Starburst                Conj/Fire      0%           100%        6
 Orb of Destruction       Conj           0%           100%        7
 Spellforged Servitor     Conj/Summ      0%           100%        7
 Ignition                 Fire           0%           100%        8


Dungeon Overview and Level Annotations

Branches:
Dungeon (15/15)            Temple (1/1) D:4            Lair (6/6) D:10
 Shoals (3/4) Lair:3       Spider (4/4) Lair:2        Slime (0/5) Lair:5
    Orc (2/2) D:11            Elf (0/3) Orc:2        Vaults (0/5) D:14
 Depths (0/5) D:15        Ossuary (visited)          Bailey (visited)
  IceCv (visited)

Altars:
Ashenzari
Cheibriados
Dithmenos
Elyvilon
Fedhas
Gozag
Hepliaklqana
Kikubaaqudgha
Makhleb
Nemelex Xobeh
Okawaru
Qazlal
Ru
Sif Muna
Trog
Uskayaw
Vehumet
Wu Jian
Xom
Yredelemnul
Zin
The Shining One
Beogh
Lugonu

Shops:
D:8 [   D:11 ([   D:13 ?   Orc:2 **(:

Portals:
Abyss: Shoals:2 Spider:3

Annotations:
Lair:3 2 transporters, Foabaekk's ghost, journeyman GrMo
Shoals:1 1 runed translucent door, garbled's ghost, adept HONe
Spider:3 2 transporters, Qyadack's ghost, adept HOFi


Innate Abilities, Weirdness & Mutations

You reflexively headbutt those who attack you in melee.
You have a pair of horns on your head.
You are partially covered in thin metallic scales. (AC +2)
Scrolls take you a little longer to read.


Message History

Aim: a satyr, wielding a +0 longbow and quivering 16 arrows (inspiring fear, 30% to evade)
The bolt of acid hits the manticore!!
The manticore is splashed with acid.
The manticore is severely wounded.
The bolt of acid hits the satyr!!
The satyr is splashed with acid!
The acid corrodes the satyr!
The satyr is heavily wounded.
The satyr shoots an arrow.
The arrow hits you.
* * * LOW HITPOINT WARNING * * *
The manticore bites you!
* * * LOW HITPOINT WARNING * * *
You block the manticore's attack.
The manticore claws you but does no damage.
The satyr shoots an arrow.
The arrow hits you!!
* * * LOW HITPOINT WARNING * * *
You feel much better. You block the manticore's attack.
The manticore barely misses you. x2
The satyr plays a lulling melody on his pipes!
You fall asleep.
The manticore bites you!!!
You die...

≈≈≈≈≈≈≈≈≈≈.≈.(## #
≈≈≈≈≈≈≈≈≈≈≈≈≈.#
≈≈≈≈≈≈≈≈≈≈≈≈≈(#
≈≈≈≈≈≈≈≈)≈..≈.##
≈≈≈≈≈≈≈..≈≈≈≈..# #########.
≈≈≈≈≈≈..≈≈≈≈≈≈.###......../
≈≈≈≈≈≈.≈≈≈≈≈≈≈.c(≈...≈....≈
≈≈≈≈≈≈≈≈≈...≈≈≈H≈....≈$/≈≈≈
.≈...........H≈≈@)()..≈≈≈≈P
.....<......≈≈≈≈(.((≈≈≈≈≈≈≈
.###.###..<.≈≈≈≈≈≈≈()≈≈≈≈≈≈
## #.##...≈≈≈≈≈≈≈≈≈≈≈≈≈.≈..
# ##.≈≈≈.≈≈≈≈≈≈≈≈≈≈≈≈≈[≈≈.
# #.^.....≈≈≈≈≈≈≈≈.≈≈.≈≈≈
#...#....≈≈≈≈≈≈≈.....≈≈.
#......≈..≈≈≈≈≈..##.....≈
...##......≈≈≈≈≈≈.# .....≈


You could see a satyr (scary, corroded) and 2 manticores.

Vanquished Creatures
  Saint Roka (Orc:2)
  Arachne (Spider:2)
  Gastronok (D:9)
  A kraken (Shoals:1)
  The ghost of Tarl the Cleaver, an adept TrMo of Uskayaw (Spider:1)
  A frost giant (D:12)
  2 orc warlords
  2 ghost moths (Spider:4)
  10 emperor scorpions
  The ghost of Dyoll the Severer, a journeyman DsFi of Trog (Lair:6)
  A war gargoyle (D:12)
  A stone giant (Orc:2)
  4 entropy weavers
  2 spark wasps (Spider:4)
  3 ettins
  A merfolk impaler (Shoals:1)
  A fire dragon (Lair:6)
  Harold (D:8)
  Josephine (Shoals:1)
  4 hydras
  A boulder beetle (Lair:6)
  2 centaur warriors
  2 merfolk avatars (Shoals:3)
  A death knight (D:12)
  10 two-headed ogres
  2 merfolk aquamancers
  3 death yaks (Lair:5)
  A tengu warrior (D:12)
  A queen ant (Spider:2)
  Urug (D:11)
  A dancing weapon (Lair:6)
  2 ogre magi
  A deep elf knight (D:14)
  4 orc high priests (Orc:2)
  6 skeletal warriors
  2 unseen horrors
  4 sea snakes
  2 wizards
  A lindwurm (Lair:6)
  7 orc knights
  A necromancer (D:15)
  12 harpies (Shoals:2)
  5 orc sorcerers
  2 ugly things
  2 manticores
  22 orb spiders
  35 wolf spiders
  6 cyclopes
  2 fauns (Shoals:1)
  A moth of wrath (Spider:4)
  4 deep elf magi
  2 merfolk sirens
  Joseph (D:8)
  A black mamba (shapeshifter) (D:15)
  27 elephants
  2 centaur zombies
  5 gargoyles
  2 water nymphs
  19 cane toads
  A naga mage (D:15)
  An ice statue (IceCv)
  6 torpor snails
  A guardian serpent (Lair:6)
  10 black mambas
  Maggie (Lair:2)
  5 komodo dragons
  A kobold demonologist (D:14)
  4 rime drakes
  19 demonic crawlers
  10 freezing wraiths (IceCv)
  A queen bee (Spider:2)
  4 wind drakes
  2 tengu conjurers (D:14)
  13 trolls
  22 hornets
  3 meliai
  2 polar bears
  10 blink frogs
  16 merfolk
  26 jumping spiders
  4 snapping turtles
  4 tyrant leeches (Lair:6)
  2 dream sheep (Shoals:2)
  A meliai zombie (D:15)
  A spriggan (D:7)
  30 tarantellas
  59 redbacks
  A shadow (D:12)
  17 wyverns
  2 vampires
  51 yaks
  7 water elementals
  6 wraiths
  Grum (D:8)
  Eustachio (D:6)
  4 basilisks
  6 vampire mosquitoes
  2 death yak simulacra (IceCv)
  2 steam dragons
  4 wargs
  2 acid dragons
  18 soldier ants
  32 water moccasins
  11 ice beasts
  A hornet zombie (D:14)
  47 orc warriors
  A sky beast (D:10)
  9 black bears
  2 phantoms
  21 wolves
  6 boggarts
  26 ogres
  19 centaurs
  16 bullfrogs
  6 big kobolds
  A gnoll sergeant (D:10)
  A wyvern skeleton (D:14)
  6 scorpions
  20 killer bees
  10 wights
  6 howler monkeys
  A bullfrog zombie (D:12)
  3 draconian simulacra (IceCv)
  7 hounds
  3 quasits
  8 jellies
  32 orc priests
  Crazy Yiuf (D:3)
  An iron imp (D:8)
  11 centaur skeletons
  Terence (D:2)
  21 orc wizards
  Natasha (thrice) (D:2)
  5 troll simulacra (IceCv)
  8 hell rats
  25 worker ants
  A polar bear simulacrum (IceCv)
  A wolf simulacrum (IceCv)
  5 centaur simulacra
  A big kobold zombie (Ossuary)
  9 mummies
  Robin (D:3)
  3 hound skeletons
  2 howler monkey zombies
  A worker ant zombie (D:7)
  16 gnolls
  17 adders
  4 naga simulacra (IceCv)
  4 ogre simulacra (IceCv)
  6 river rats (Lair:1)
  12 white imps (IceCv)
  An ufetubus (D:9)
  3 oozes
  3 adder zombies
  2 worms
  2 dart slugs
  5 leopard geckos
  110 orcs
  14 bats
  4 giant cockroaches
  17 goblins
  10 hobgoblins
  11 jackals
  4 quokkas
  A ball python (D:2)
  6 frilled lizards
  2 goblin skeletons (D:8)
  A goblin zombie (D:4)
  10 hobgoblin zombies
  A jackal skeleton (D:5)
  2 jackal zombies
  27 kobolds
  2 kobold skeletons (D:8)
  2 kobold zombies
  2 orc skeletons (D:8)
  3 orc zombies
  A quokka zombie (D:8)
  9 rats
  A lurking horror (Shoals:2)
  3 tentacles (Shoals:1)
1341 creatures vanquished.

Vanquished Creatures (others)
  A merfolk aquamancer (Shoals:1)
  A necromancer (IceCv)
  A demonic crawler (Spider:3)
  A redback (Spider:4)
  2 bushes
  62 fungi
  157 plants
  10 tentacles (Shoals:1)
235 creatures vanquished.

Grand Total: 1576 creatures vanquished

Notes
Turn   | Place    | Note
-------+----------+-------------------------------------------
     0 | D:1      | trckry the Minotaur Fighter began the quest for the Orb.
     0 | D:1      | Reached XP level 1. HP: 19/19 MP: 0/0
   149 | D:1      | Reached XP level 2. HP: 27/27 MP: 1/1
   364 | D:1      | Found a sparkling altar of Nemelex Xobeh.
   775 | D:1      | Reached XP level 3. HP: 33/33 MP: 2/2
   856 | D:2      | Found a hide-covered altar of Uskayaw.
   938 | D:2      | Noticed Terence
   948 | D:1      | Reached skill level 3 in Maces & Flails
  1003 | D:2      | Killed Terence
  1004 | D:2      | Reached skill level 1 in Dodging
  1004 | D:2      | Reached skill level 1 in Invocations
  1194 | D:2      | Reached XP level 4. HP: 39/40 MP: 3/3
  1205 | D:2      | Reached skill level 1 in Throwing
  1213 | D:2      | Reached skill level 1 in Evocations
  1240 | D:2      | Found an iron altar of Okawaru.
  1407 | D:2      | Found a sparkling altar of Nemelex Xobeh.
  1474 | D:2      | Noticed Natasha
  1479 | D:2      | Killed Natasha
  1480 | D:2      | Reached XP level 5. HP: 42/46 MP: 4/4
  1518 | D:2      | Noticed Natasha
  1525 | D:2      | Killed Natasha
  1727 | D:2      | Noticed Natasha
  1747 | D:2      | Killed Natasha
  1820 | D:2      | Found an iron altar of Okawaru.
  2312 | D:3      | Noticed Robin
  2350 | D:3      | Reached skill level 4 in Maces & Flails
  2356 | D:3      | Killed Robin
  2382 | D:3      | Reached XP level 6. HP: 26/53 MP: 6/6
  2845 | D:3      | Found a shimmering altar of Xom.
  2979 | D:3      | Found a runed translucent door.
  2980 | D:3      | Noticed Crazy Yiuf
  2987 | D:3      | Killed Crazy Yiuf
  3136 | D:4      | Found a staircase to the Ecumenical Temple.
  3307 | D:4      | Found a sand-covered staircase.
  3315 | Ossuary  | Entered an ossuary
  3354 | Ossuary  | Reached XP level 7. HP: 52/60 MP: 7/7
  3474 | Ossuary  | Reached skill level 5 in Maces & Flails
  3755 | D:4      | Noticed a wyvern
  3764 | D:4      | Killed a wyvern
  3765 | D:4      | Reached skill level 5 in Fighting
  3765 | D:4      | Reached skill level 5 in Armour
  4027 | Temple   | Entered the Ecumenical Temple
  4142 | D:5      | Entered Level 5 of the Dungeon
  4255 | D:5      | Reached skill level 5 in Shields
  4607 | D:5      | Reached skill level 6 in Maces & Flails
  4607 | D:5      | Reached XP level 8. HP: 59/68 MP: 8/8
  5374 | D:5      | Reached skill level 7 in Maces & Flails
  5605 | D:6      | Got a fine cloak
  5616 | D:6      | Identified the +0 cloak "Veog" {rElec rCorr Dex+6} (You
                  | found it on level 6 of the Dungeon)
  5731 | D:6      | Noticed Eustachio
  5763 | D:6      | Killed Eustachio
  5960 | D:6      | Reached XP level 9. HP: 73/75 MP: 9/9
  6091 | D:6      | Found a shimmering blue altar of Sif Muna.
  6303 | D:7      | Found a bloodstained altar of Trog.
  6631 | D:7      | Reached skill level 8 in Maces & Flails
  7136 | D:7      | Found a glowing silver altar of Zin.
  7196 | D:8      | Found a glowing golden altar of the Shining One.
  7396 | D:8      | Found a radiant altar of Vehumet.
  7414 | D:8      | Noticed Grum
  7574 | D:8      | Killed Grum
  7575 | D:8      | Reached skill level 5 in Dodging
  7630 | D:8      | Noticed Joseph
  7666 | D:8      | Noticed Harold
  7669 | D:8      | Killed Joseph
  7683 | D:8      | Killed Harold
  7684 | D:8      | Reached skill level 9 in Maces & Flails
  7684 | D:8      | Reached XP level 10. HP: 65/86 MP: 10/10
  7768 | D:8      | Found Xapay's Antique Armour Boutique.
  8296 | D:8      | Found a white marble altar of Elyvilon.
  8607 | D:9      | Found an ornate altar of the Wu Jian Council.
  8613 | D:9      | Found a basalt altar of Yredelemnul.
  8619 | D:9      | Found a stormy altar of Qazlal.
  8643 | D:9      | Found a flagged portal.
  8774 | Bailey   | Entered a bailey
  8796 | Bailey   | Noticed an orc warlord
  8841 | Bailey   | Reached skill level 5 in Throwing
  8862 | Bailey   | Found a runed translucent gate.
  8864 | Bailey   | Found a runed translucent gate.
  8866 | Bailey   | Found a runed translucent gate.
  9321 | Bailey   | Killed an orc warlord
  9322 | Bailey   | Reached skill level 10 in Maces & Flails
  9322 | Bailey   | Reached skill level 5 in Evocations
  9531 | D:9      | Noticed Gastronok
  9583 | D:9      | Killed Gastronok
  9584 | D:9      | Reached XP level 11. HP: 22/94 MP: 11/11
  9904 | D:9      | Found a snail-covered altar of Cheibriados.
 10063 | D:9      | Found a hide-covered altar of Uskayaw.
 10149 | D:10     | Entered Level 10 of the Dungeon
 10995 | D:10     | Reached skill level 11 in Maces & Flails
 11274 | D:10     | Found a staircase to the Lair.
 11721 | D:11     | Noticed Urug
 11733 | D:11     | Killed Urug
 11973 | D:11     | Found Urypaxt's Armour Emporium.
 11974 | D:11     | Noticed an orc knight
 11975 | D:11     | Found a staircase to the Orcish Mines.
 12484 | D:10     | Killed an orc knight
 13240 | D:11     | Found Mudyon's Weapon Emporium.
 13419 | D:11     | Reached XP level 12. HP: 104/104 MP: 12/12
 13814 | Lair:1   | Entered Level 1 of the Lair of Beasts
 13849 | Lair:1   | Reached skill level 12 in Maces & Flails
 14961 | Lair:2   | Noticed Maggie
 14979 | Lair:2   | Killed Maggie
 15066 | Lair:2   | Found a hole to the Spider Nest.
 15595 | Lair:3   | Found a staircase to the Shoals.
 15883 | Lair:3   | Reached skill level 10 in Armour
 16336 | Lair:4   | Reached skill level 13 in Maces & Flails
 16390 | Lair:4   | Noticed a six-headed hydra
 16407 | Lair:4   | Killed a six-headed hydra
 16408 | Lair:4   | Reached skill level 10 in Fighting
 16559 | Lair:4   | Reached skill level 10 in Shields
 16698 | Lair:6   | Entered Level 6 of the Lair of Beasts
 16751 | Lair:3   | Noticed a five-headed hydra
 16763 | Lair:3   | Killed a five-headed hydra
 16905 | Lair:2   | Identified 2 scrolls of acquirement
 16905 | Lair:2   | Acquired the ring of Autotheism {rElec rPois Int+4}
 17068 | Lair:2   | Reached XP level 13. HP: 114/114 MP: 13/13
 17076 | Lair:2   | Gained mutation: You are occasionally teleported next to
                  | monsters. [potion of mutation]
 17076 | Lair:2   | Gained mutation: You are robust. (+10% HP) [potion of
                  | mutation]
 17076 | Lair:2   | Gained mutation: You have sharp toenails. [potion of
                  | mutation]
 17109 | Lair:2   | Lost mutation: You are occasionally teleported next to
                  | monsters. [potion of mutation]
 17109 | Lair:2   | Lost mutation: You are robust. (+10% HP) [potion of
                  | mutation]
 17109 | Lair:2   | Lost mutation: You have sharp toenails. [potion of
                  | mutation]
 17109 | Lair:2   | Gained mutation: Scrolls take you a little longer to read.
                  | [potion of mutation]
 17109 | Lair:2   | Gained mutation: You are partially covered in thin metallic
                  | scales. (AC +2) [potion of mutation]
 17350 | Lair:3   | Reached XP level 14. HP: 122/122 MP: 14/14
 17571 | Lair:3   | Found a transporter.
 17575 | Lair:3   | Found a transporter.
 17575 | Lair:3   | Identified the +8 trident "Onuxtarr" {antimagic, Dex+2}
 17576 | Lair:3   | Found a bloodstained altar of Trog.
 17576 | Lair:3   | Noticed Foabaekk's ghost (journeyman GrMo)
 17579 | Lair:3   | Identified the +5 trident of the Eel {flame, +Blink rC+++
                  | Str+3 Stlth-}
 17579 | Lair:3   | Identified the +4 rapier of Certain Death {antimagic,
                  | rPois}
 18168 | Lair:4   | Reached skill level 14 in Maces & Flails
 18251 | Lair:4   | You fall into a shaft and drop 1 floor!
 18481 | Lair:5   | Found a staircase to the Slime Pits.
 20098 | Lair:6   | Found a runed translucent door.
 20099 | Lair:6   | Found a shimmering altar of Xom.
 20099 | Lair:6   | Noticed Dyoll's ghost (journeyman DsFi)
 21175 | Lair:6   | Reached skill level 15 in Maces & Flails
 21196 | Lair:6   | Reached skill level 10 in Dodging
 21545 | Lair:6   | Reached XP level 15. HP: 110/130 MP: 12/15
 21825 | Lair:6   | Found an ornate altar of the Wu Jian Council.
 21827 | Lair:6   | Found a hide-covered altar of Uskayaw.
 22346 | Lair:6   | Found a runed translucent door.
 23278 | Lair:6   | Found a basalt altar of Yredelemnul.
 23617 | Lair:6   | Killed Dyoll's ghost
 23622 | Lair:6   | Got a brightly glowing glass ring
 23629 | Lair:6   | Identified the ring of Irrepressible Laughter {+Fly Str+6
                  | Slay+5 Stlth-} (You found it on level 6 of the Lair of
                  | Beasts)
 23989 | D:12     | Found a basalt altar of Yredelemnul.
 24675 | D:12     | Noticed a frost giant
 24711 | D:12     | Killed a frost giant
 24871 | D:12     | Reached skill level 16 in Maces & Flails
 25082 | D:12     | Identified the Catalogue of Scorching Venom
 25392 | D:12     | Acquired 634 gold pieces
 25471 | D:13     | Found Tumaiv's Magic Scroll Emporium.
 25492 | D:13     | Found a frozen archway.
 25501 | IceCv    | Entered an ice cave
 25639 | IceCv    | Reached skill level 10 in Throwing
 25716 | IceCv    | Found an ancient bone altar of Kikubaaqudgha.
 26247 | D:13     | Bought a scroll of fear for 52 gold pieces
 26247 | D:13     | Bought a scroll of blinking for 112 gold pieces
 26908 | D:14     | Reached XP level 16. HP: 141/141 MP: 16/16
 27548 | D:14     | Found a gate to the Vaults.
 27738 | D:15     | Entered Level 15 of the Dungeon
 27924 | D:15     | Paralysed by an orc sorcerer for 7 turns
 27943 | D:15     | Found a staircase to the Depths.
 28002 | D:15     | Found a blossoming altar of Fedhas.
 28665 | Orc:1    | Entered Level 1 of the Orcish Mines
 28846 | Orc:2    | Entered Level 2 of the Orcish Mines
 28953 | Orc:2    | Reached skill level 10 in Evocations
 29512 | Orc:2    | Found a roughly hewn altar of Beogh.
 29647 | Orc:2    | Found Eguulozi's General Store.
 29682 | Orc:2    | Bought a scroll of magic mapping for 49 gold pieces
 29688 | Orc:2    | Found Gutzimikic's Assorted Antiques.
 29700 | Orc:2    | Bought a scroll labelled PAISOLU NIOCO for 33 gold pieces
 29700 | Orc:2    | Bought a scroll of fog for 66 gold pieces
 29998 | Orc:2    | Noticed Saint Roka
 30354 | Orc:2    | Killed Saint Roka
 30655 | Orc:2    | Paralysed by an orc sorcerer for 5 turns
 30817 | Orc:2    | Found a staircase to the Elven Halls.
 30948 | Orc:2    | Found Zyeveclu's Weapon Shop.
 31039 | Orc:2    | Found a roughly hewn altar of Beogh.
 31058 | Orc:2    | Found Reorgh's Book Shoppe.
 31514 | Orc:2    | Bought 7 silver boomerangs for 136 gold pieces
 31710 | Spider:1 | Entered Level 1 of the Spider Nest
 32192 | Spider:1 | Reached XP level 17. HP: 105/144 MP: 14/17
 32628 | Spider:1 | Found a large runed translucent door.
 32628 | Spider:1 | Found a large runed translucent door.
 32628 | Spider:1 | Noticed Tarl's ghost (adept TrMo)
 32718 | Spider:1 | Killed Tarl's ghost
 33661 | Spider:2 | Got a bound granite ring
 33787 | Spider:2 | Noticed Arachne
 33811 | Spider:2 | Killed Arachne
 35212 | Spider:2 | Identified the ring of Qieqoupa {rC+ rN++ Will- Int+4} (You
                  | found it on level 2 of the Spider Nest)
 35622 | Spider:3 | Found a transporter.
 35649 | Spider:3 | Found a transporter.
 35650 | Spider:3 | Found a one-way gate to the infinite horrors of the Abyss.
 35659 | Spider:3 | Noticed Qyadack's ghost (adept HOFi)
 35884 | Spider:4 | Entered Level 4 of the Spider Nest
 37398 | Spider:4 | Reached XP level 18. HP: 107/161 MP: 15/18
 39038 | Spider:4 | HP: 16/162 [poisoned by a ghost moth]
 39043 | Spider:4 | HP: 16/162 [poisoned by a ghost moth]
 39515 | Spider:4 | Reached skill level 15 in Fighting
 39555 | Spider:4 | Reached skill level 15 in Armour
 39895 | Spider:4 | Got a gossamer rune of Zot
 40052 | Shoals:1 | Entered Level 1 of the Shoals
 40120 | Shoals:1 | Reached skill level 15 in Shields
 40828 | Shoals:1 | Found a runed translucent door.
 40922 | Shoals:1 | Noticed garbled's ghost (adept HONe)
 40955 | Shoals:1 | Noticed Josephine
 40959 | Shoals:1 | Killed Josephine
 41288 | Shoals:2 | Found a corrupted altar of Lugonu.
 42716 | Shoals:3 | HP: 10/163 [satyr/arrow (19)]
 42717 | Shoals:3 | Mangled by a manticore

Illustrated notes

Levels and vault maps discovered:
D:1:      saegor_arrival_simple_a, layout_basic, nemelex_diamond_rough_becter
D:2:      layout_basic, general_overflow_altar, nicolae_overflow_hidden_temple,
          uniq_terence, uniq_natasha
D:3:      layout_rooms, lemuel_crystal_altar, serial_corexii_hall,
          corexii_hall_statues_i, chequers_hall_statues_wall_a, uniq_robin,
          uniq_crazy_yiuf_cottage
D:4:      layout_loops_ring, minmay_temple_entry_trees,
          nicolae_ossuary_entry_giza
D:5:      cheibrodos_fzero, layout_basic
D:6:      layout_rooms, marbit_many_paths, uniq_eustachio
D:7:      layout_cave_pods, lemuel_coloured_pillars_altar, kennysheep_mini_moat,
          the_bakery
D:8:      layout_layer_cave, lemuel_crystal_altar, vehumet_altar_wand_db,
          serial_shops, nicolae_shop_statue_plus, nicolae_tso_besieged_by_evil,
          uniq_joseph, uniq_harold, uniq_grum
D:9:      layout_rooms, kennysheep_mini, grunt_temple_overflow_diamond,
          enter_bailey_6, basic_altar, uniq_gastronok
D:10:     layout_cave_pools, minmay_lair_entry_grove
D:11:     layout_basic, orc_david_3, columned_hall_lemuel,
          kb_lookout_dungeons_type, uniq_urug
D:12:     minmay_tile_spiral, layout_loops_ring, minmay_parallelograms,
          yredelemnul_altar_generic
D:13:     layout_rooms, serial_shops, shop, portal_ice_cave_rime
D:14:     layout_irregular_city, hangedman_vaults_entry_quadrant_bands,
          kennysheep_minor_cross, hangedman_fish_farm
D:15:     grunt_enter_depths_magical_seal, layout_long_grid,
          chequers_serial_rivers_small_3, chequers_decorated_corner,
          fedhas_bush_and_centaur_altar
Temple:   dpeg_three_leaves_temple
Lair:1:   layout_cave_pods, kennysheep_rathole, grunt_megastairs_5
Lair:2:   layout_misc_corridors, spider_nest_entry_web_field, lemuel_fruit_tree,
          infiniplex_staircase_pool, uniq_maggie
Lair:3:   layout_loops_ring, minmay_shoals_entry_centaurs,
          gammafunk_ghost_wrathful_warriors
Lair:4:   layout_cave_pods, grunt_megastairs_2
Lair:5:   layout_regular_city, slime_dummy
Lair:6:   wormcave, layout_layer_cave, hangedman_lair_tendril_chambers,
          basic_altar, ebering_ghost_xom, chequers_serial_rivers_room_a,
          small_statue_intersection, chequers_serial_rivers_micro_b,
          nzn_masters_of_martial_movement
Shoals:1: layout_shoals, ebering_ghost_reflecting_pool, uniq_josephine
Shoals:2: layout_shoals, amcnicky_altar_lugonu_corruption
Shoals:3: layout_shoals, serial_shops, nicolae_shop_waterfront
Spider:1: layout_spider_delve, ebering_ghost_disaster_area
Spider:2: layout_chambers, special_room [special_room_bee], zaba_anthell,
          uniq_arachne
Spider:3: layout_spider_delve, gammafunk_ghost_abyssal_escape
Spider:4: guppyfry_spider_rune
Orc:1:    layout_caves
Orc:2:    pubby_orc_utopia, serial_shops

Skill      XL: |  1  2  3  4  5  6  7  8  9 10 11 12 13 14 15 16 17 18 |
---------------+-------------------------------------------------------+-----
Maces & Flails | 3 4 6 7 9 10 11 13 15 16 | 16.0
Fighting       | 4 5 6 7 8 9 10 11 12 13 14 15 | 15.4
Dodging        | 1 2 3 4 5 6 7 8 9 10 11 12 13 | 13.8
Invocations    | 1 2 |  2.0
Armour         | 4 5 6 7 8 9 10 11 12 13 14 15 | 15.3
Throwing       | 1 2 3 4 5 6 8 9 10 11 12 | 12.8
Shields        | 4 5 7 8 9 10 11 12 13 14 15 | 15.3
Evocations     | 1 2 3 4 5 6 7 8 9 10 11 | 11.9

Action                   |  1- 3 |  4- 6 |  7- 9 | 10-12 | 13-15 | 16-18 || total
-------------------------+-------+-------+-------+-------+-------+-------++-------
Melee: Flail             |    81 |   197 |   400 |   686 |       |       ||  1364
       Headbutt          |    14 |    32 |    86 |   242 |   306 |   489 ||  1169
       Morningstar       |       |       |       |   189 |  1052 |  1497 ||  2738
Throw: Javelin           |       |     3 |     8 |     8 |    12 |       ||    31
       Dart              |       |       |    15 |       |       |       ||    15
       Boomerang         |       |       |       |    15 |       |       ||    15
       Throwing net      |       |       |       |     6 |       |       ||     6
 Abil: Evoke Flight      |       |       |       |       |       |     1 ||     1
Evoke: Lightning rod     |       |       |       |     5 |     1 |     1 ||     7
       Phantom mirror    |       |       |       |     1 |       |       ||     1
       Wand              |       |       |       |     1 |     3 |     1 ||     5
       Tin of tremorston |       |       |       |       |     2 |     2 ||     4
  Use: Scroll            |       |       |       |    14 |     6 |     2 ||    22
       Potion            |       |       |       |     5 |    11 |     1 ||    17
 Stab: Held in net/web   |       |       |       |     5 |       |       ||     5
       Distracted        |       |       |       |     1 |       |       ||     1
Armor: Scale mail        |    20 |       |       |       |       |       ||    20
       Plate armour      |    23 |   122 |   200 |   365 |   360 |   505 ||  1575
       Skin              |       |     8 |       |       |       |       ||     8
Dodge: Dodged            |    21 |    48 |   106 |   365 |   356 |   710 ||  1606
Block: Kite shield       |    38 |   120 |   218 |   566 |   564 |  1169 ||  2675
